 Dungeon Crawl Stone Soup version 0.32-a0-596-g69a5a37 (webtiles) character file.

Game seed: 18174839466398752604

60 Dorkslayer the Covered (level 3, -3/30 HPs)
             Began as a Demigod Fighter on Mar 1, 2024.
             Slain by a hobgoblin (4 damage)
             ... led by Robin
             ... on level 2 of the Dungeon on Mar 2, 2024.
             The game lasted 00:03:04 (831 turns).

Dorkslayer the Covered (Demigod Fighter)             Turns: 831, Time: 00:03:04

Health: -3/30      AC:  6    Str: 21    XL:     3   Next: 57%
Magic:  5/5        EV:  9    Int: 10    God:
Gold:   0          SH:  4    Dex: 13    Spells: 2/2 levels left

rFire   . .          .
                       - Unarmed
rCold   . . .        b - +0 buckler
rNeg    . . .        a - +0 scale mail
rPois   .            (no helmet)
rElec   .            (no cloak)
rCorr   .            (no gloves)
SInv    .            (no boots)
Will    .....        (no amulet) Stlth
                     (no ring)
HPRegen 0.25/turn    (no ring)
MPRegen 0.09/turn

%: no passive effects
@: mighty
A: high MP 1, forlorn, divine attributes
a: no special abilities


You were on level 2 of the Dungeon.
You visited 1 branch of the dungeon, and saw 2 of its levels.

Inventory:

Armour
 a - a +0 scale mail (worn)
 b - a +0 buckler (worn)
Scrolls
 g - a scroll of identify {unknown}
 i - a scroll of brand weapon {unknown}
 j - a scroll of enchant armour {unknown}
Potions
 c - a potion of might
 d - a potion of haste {unknown}
 f - a potion of invisibility {unknown}
 h - a potion of berserk rage {unknown}


   Skills:
 + Level 2.9 Fighting
 + Level 3.2 Armour
 * Level 1.1 Dodging
 + Level 3.0 Shields
 + Level 2.5 Unarmed Combat


You had 2 spell levels left.
You didn't know any spells.
Your spell library was empty.

Dungeon Overview and Level Annotations

Branches:
Dungeon (2/15)


Innate Abilities, Weirdness & Mutations

You have an increased reservoir of magic. (+10% MP)
You shall have no god before yourself.
Your divine heritage dramatically boosts your attributes as you level up.


Message History

The goblin shoots a sling bullet.
The sling bullet hits you.
The goblin moves out of view.
Items here: )) ††.
You barely miss Robin. You block Robin's attack.
You barely miss Robin. You barely miss Robin.
The goblin unwields a +0 sling.
The goblin wields a +0 dagger.
The goblin hits you but does no damage.
You hit Robin.
Robin is lightly wounded.
Robin says, "Bow before me, strongest of all the hobgoblins!"
Robin closely misses you. The goblin completely misses you.
You barely miss Robin.
Robin is lightly wounded.
Robin hits you with a +0 club.
* * * LOW HITPOINT WARNING * * *
The goblin hits you but does no damage.
You barely miss Robin.
Robin is lightly wounded.
The goblin no longer looks unusually strong.
Robin hits you but does no damage. The goblin hits you but does no damage.
You punch Robin!
Robin is severely wounded.
Robin hits you but does no damage. The goblin hits you but does no damage.
You punch Robin!
You kill Robin!
The goblin hits you but does no damage.
You punch the goblin!
You kill the goblin!
The goblin hits you but does no damage.
You closely miss the hobgoblin. The goblin hits you with a +0 dagger.
* * * LOW HITPOINT WARNING * * *
The hobgoblin closely misses you.
You barely miss the hobgoblin. The goblin hits you but does no damage.
The hobgoblin hits you but does no damage.
You barely miss the hobgoblin.
The hobgoblin no longer looks unusually strong.
The goblin hits you with a +0 dagger.
* * * LOW HITPOINT WARNING * * *
The hobgoblin hits you.
You die...

#.......# ##
##############.......####### #.
...gg....r.................## #.
.....#.#.g...........#####..####.
.g.#.g.#.#####.......# ##...... g
##..#.....###.##### ###....
##.#.#.....#g# #....
#.........#g# #....
..#..g#.g...#@# .....
............#g# .#....
............gg# #.#####
..............### # #.
..........#..## #.
..........##... .. ........######
. .......!# ........#


You could see 2 hobgoblins and 3 goblins.

Vanquished Creatures
  Robin (D:2)
  A ribbon worm (D:2)
  A dart slug (D:1)
  4 ball pythons (D:1)
  4 bats (D:1)
  3 endoplasms
  2 giant cockroaches (D:1)
  6 goblins
  7 hobgoblins
  5 kobolds (D:1)
  3 frilled lizards (D:1)
  3 rats (D:1)
40 creatures vanquished.

Notes
Turn   | Place    | Note
-------+----------+-------------------------------------------
     0 | D:1      | Dorkslayer the Demigod Fighter began the quest for the Orb.
     0 | D:1      | Reached XP level 1. HP: 18/18 MP: 3/3
   187 | D:1      | Reached XP level 2. HP: 18/25 MP: 4/4
   491 | D:1      | Reached XP level 3. HP: 30/30 MP: 5/5
   563 | D:1      | Upgraded the game from 0.32-a0-575-gafe9d2b to
                  | 0.32-a0-596-g69a5a37
   786 | D:2      | Noticed Robin
   815 | D:2      | Reached skill level 1 in Dodging
   827 | D:2      | Killed Robin
   831 | D:2      | HP: 1/30 [goblin/+0 dagger[Robin] (3)]
   831 | D:2      | Slain by a hobgoblin

Illustrated notes

Levels and vault maps discovered:
D:1:      minmay_arrival_hallway, layout_rooms, minivault_23,
          serial_bayou_pond_b
D:2:      layout_basic, basic_altar, uniq_robin

Skill      XL: |  1  2  3 |
---------------+----------+-----
Unarmed Combat | 2 |  2.5
Armour         | 3 |  3.2
Dodging        | 1 |  1.1
Shields        | 3 |  3.0
Fighting       | |  2.9

Action                     || total
---------------------------++-------
  Melee: Unarmed           ||   188
    Use: Scroll            ||     1
         Potion            ||     1
 Armour: Scale mail        ||   165
  Dodge: Dodged            ||    64
  Block: Buckler           ||    40

Table legend: (Time is in decaauts)
 A = Elapsed time spent in this place.
 B = Non-inter-level travel time spent in this place.
 C = Inter-level travel time spent in this place.
 D = Time resting spent in this place.
 E = Time spent auto-exploring this place.
 F = Levels seen in this place.
 G = Mean time per level.
                   A        B        C        D        E       F      G
               +--------+--------+--------+--------+--------+-----+--------+
         Total |    829 |    829 |      0 |      0 |    385 |   2 |  414.5 |
       Dungeon |    829 |    829 |      0 |      0 |    385 |   2 |  414.5 |
               +--------+--------+--------+--------+--------+-----+--------+

Top non-repeatable levels by time:
     D:1: 653 daAuts
     D:2: 176 daAuts
